 BcadrenCrawl: Boulder Brew version 0.04.2-17-g662d9223eb (webtiles) character file.

Game seed: 16926714633153931593, levelgen mode: deterministic

53 diana the Ducker (level 4, -2/27 HPs) Kobold Gladiator. Began on May 16, 2021. Slain by a water moccasin (6 damage) ... on level 1 of the Dungeon. The game lasted 00:01:12 (490 turns).

diana the Ducker (Kobold Gladiator)                  Turns: 490, Time: 00:01:13

Health: -2/27      AC:  4    Str: 11    XL:     4 ^: 63
Magic:  5/5        EV: 16    Int:  9    God:
Gold:   49         SH:  0    Dex: 17    Spells: 3/3 levels left

rFire    . . .     Vision   .   a - +0 rapier
rCold    . . .     Gourm    .   (weapon restricted)
rNeg     . . .     Faith    .   b - +0 leather armour
rPois    .         Spirit   .   c - +0 helmet
rElec    .         Reflect  .   (no cloak)
rCorr    .         Harm     .   (no gloves)
MR       .....                  (no boots)
Stlth    +.........             (no amulet)
HPRegen  0.19/turn              (no ring)
MPRegen  0.15/turn              (no ring)

@: no status effects
A: small, carnivore
a: no special abilities


You were on level 1 of the Dungeon.
You were not hungry.

You visited 1 branch of the dungeon, and saw 2 of its levels.

You collected 49 gold pieces.

Inventory:

Weapons
 a - a +0 rapier (weapon)
Armour
 b - a +0 leather armour (worn)
 c - a +0 helmet (worn)
Wands
 d - a wand of ensnaring (9)
Scrolls
 e - a scroll of magic mapping
 g - a scroll of fear
 h - a scroll of bless item
Comestibles
 f - 2 rations


   Skills:
 + Level 2.9 Fighting
 + Level 4.2 Short Blades
 + Level 1.1 Armour
 + Level 4.2 Dodging
 - Level 2.1 Evocations


You had 3 spell levels left.
You didn't know any spells.
Your spell library was empty.

Dungeon Overview and Level Annotations

Branches:
Dungeon (2/8)

Altars:


Innate Abilities, Weirdness & Mutations

You are small and have problems with some larger weapons.
You are carnivorous and can eat meat at any time.


Message History

The water moccasin bites you but does no damage.
You barely miss the water moccasin. You hit the water moccasin (2).
The water moccasin is heavily wounded. (11/27) HP The adder closely misses you (0).
The water moccasin misses you (0).
You hit the water moccasin (5).
You hit the water moccasin but do no damage.
The water moccasin is severely wounded. (6/27) HP The adder closely misses you (0).
The water moccasin misses you (0). The adder misses you (0).
You hit the water moccasin (4).
You hit the water moccasin but do no damage.
The water moccasin is almost dead. (2/27) HP The water moccasin barely misses you (0).
The adder completely misses you (0). The water moccasin bites you (6).
* * * LOW HITPOINT WARNING * * *
You hit the water moccasin but do no damage.
You closely miss the water moccasin.
The water moccasin is almost dead. (2/27) HP The adder misses you (0).
The water moccasin bites you (6).
You die...

#.........#
#.........#
#.........#
#.........#
#.........#
#.........#
#≈≈.....÷.#####
#>S≈..........#
#≈≈@......###.######
#..S≈[......#..)....
###########...######
###...# # ###.# #
##.# # #######..####
#............
#.########.##


You could see a water moccasin and a submerged adder.

Vanquished Creatures
  A gnoll (D:1)
  A cinder newt (D:1)
  An ooze (D:1)
  2 leopard geckos (D:1)
  4 bats (D:1)
  5 goblins (D:1)
  4 hobgoblins (D:1)
  6 kobolds (D:1)
  A bat skeleton (D:2)
  7 rats (D:1)
32 creatures vanquished.

Vanquished Creatures (others)
  5 withered plants (D:2)
5 creatures vanquished.

Grand Total: 37 creatures vanquished

Notes
Turn   | Place    | Note
-------+----------+-------------------------------------------
     0 | D:1      | diana the Kobold Gladiator began the quest for the Orb.
     0 | D:1      | Reached XP level 1. HP: 12/12 MP: 2/2
    24 | D:1      | Reached XP level 2. HP: 18/18 MP: 3/3
    80 | D:1      | Reached XP level 3. HP: 22/22 MP: 4/4
   102 | D:1      | Reached skill level 1 in Armour
   316 | D:1      | Reached XP level 4. HP: 26/27 MP: 5/5
   476 | D:2      | Noticed a water moccasin
   481 | D:2      | Noticed a water moccasin
   490 | D:1      | Slain by a water moccasin

Levels and vault maps discovered:
D:1:      lemuel_arrival_muddy, layout_rooms, first_ration
D:2:      layout_sewer

Skill      XL: |  1  2  3 |
---------------+----------+-----
Short Blades   | 4 |  4.2
Dodging        | 4 |  4.2
Armour         | 1 |  1.1
Fighting       | |  2.9
Evocations     | |  2.1

Action                   |  1- 3 |  4- 6 || total
-------------------------+-------+-------++-------
Melee: Rapier            |    38 |    11 ||    49
       Unarmed           |    14 |     7 ||    21
 Stab: Sleeping          |       |     1 ||     1
Armor: Leather armour    |     5 |     4 ||     9
Dodge: Dodged            |    20 |    19 ||    39
